 Dungeon Sprint DCSS version 0.27.1-33-g824d729ab1 (webtiles) character file.

Game seed: 11018048537939717203

262 manyhoops the Unseen (level 5, -2/24 HPs)
             Began as a Spriggan Enchanter on Dec 3, 2021.
             Was an Initiate of Dithmenos.
             Slain by a yak (10 damage)
             ... in the Dungeon (Sprint I: "Red Sonja").
             The game lasted 00:01:15 (221 turns).

manyhoops the Unseen (Spriggan Enchanter)            Turns: 221, Time: 00:01:15

Health: -2/24      AC:  2    Str:  4    XL:     5   Next: 97%
Magic:  2/10       EV: 17    Int: 16    God:    Dithmenos [......]
Gold:   188        SH:  0    Dex: 17    Spells: 6/9 levels left

rFire    . . .     SeeInvis +   a - +1 dagger
rCold    . . .     Faith    .   (shield restricted)
rNeg     . . .     Spirit   .   b - +0 robe
rPois    .         Reflect  .   (helmet restricted)
rElec    .         Harm     .   (no cloak)
rCorr    .         Rampage  .   (gloves unavailable)
Will     .....     NoTele   +   (boots unavailable)
Stlth    +++++++...             (no amulet)
HPRegen  0.08/turn              (no ring)
MPRegen  0.12/turn              (no ring)

@: very slightly contaminated, very quick
A: very small, no large weapons, unfitting armour, see invisible, speed 3
a: Renounce Religion


You were in the Dungeon.
You worshipped Dithmenos.
Dithmenos was noncommittal.
You visited 1 branch You collected 188 gold pieces.

Inventory:

Hand Weapons
 a - a +1 dagger (weapon)
Armour
 b - a +0 robe (worn)
Scrolls
 h - a scroll of blinking
Potions
 c - 2 potions of curing
 d - a potion of heal wounds
 e - a potion of haste
 f - 2 potions of magic


   Skills:
 - Level 1.1 Short Blades
 - Level 2.6 Dodging
 + Level 17.9 Stealth
 - Level 2.6 Spellcasting
 - Level 3.6 Hexes


You had 6 spell levels left.
You knew the following spells:

 Your Spells              Type           Power      Damage    Failure   Level
a - Corona                Hex            14%        N/A       4%          1
b - Ensorcelled Hibernat  Hex/Ice        14%        N/A       14%         2

Your spell library contained the following spells:

 Spells                   Type           Power      Damage    Failure   Level
 Confusing Touch          Hex            13%        N/A       13%         3
 Tukima's Dance           Hex            13%        N/A       13%         3
 Dazzling Flash           Conj/Hex       14%        N/A       28%         3


Dungeon Overview and Level Annotations

Branches:
Dungeon (1/1)

Altars:
Cheibriados
Dithmenos
Elyvilon
Fedhas
Gozag
Hepliaklqana
Kikubaaqudgha
Nemelex Xobeh
Okawaru
Qazlal
Ru
Sif Muna
Trog
Uskayaw
Vehumet
Wu Jian
Yredelemnul
Zin
The Shining One

Shops:
D !


Innate Abilities, Weirdness & Mutations

You are very small and have problems with some larger weapons.
You are too small for most types of armour.
You have supernaturally acute eyesight. (SInv)
You cover ground extremely quickly. (Speed+++)


Message History

You see here 13 gold pieces.
You now have 188 gold pieces (gained 13).
There is an ornate altar of the Wu Jian Council here.
Found an opulent altar of Gozag.
There is an open door here.
Found a sparkling altar of Nemelex Xobeh.
You are no longer corroded.
There is a hide-covered altar of Uskayaw here.
There is a snail-covered altar of Cheibriados here.
There is a sacrificial altar of Ru here.
There is a shadowy altar of Dithmenos here.
You kneel at the altar of Dithmenos.
Dithmenos welcomes you!
Cast which spell? (? or * to list)
Aiming: Ensorcelled Hibernation (safe; 14% risk of failure)
Press: ? - help, Shift-Dir - straight line, f - yak
Aim: a yak (chance to affect: 38%)
You miscast Ensorcelled Hibernation.
You are very lightly contaminated with residual magic.
Nothing appears to happen.
Casting: Ensorcelled Hibernation (safe; 14% risk of failure)
Confirm with . or Enter, or press ? or * to list all spells.
Aiming: Ensorcelled Hibernation (safe; 14% risk of failure)
Press: ? - help, Shift-Dir - straight line, f/p - yak
Aim: a yak (chance to affect: 38%)
The yak resists with some effort.
Casting: Ensorcelled Hibernation (safe; 14% risk of failure)
Confirm with . or Enter, or press ? or * to list all spells.
Aiming: Ensorcelled Hibernation (safe; 14% risk of failure)
Press: ? - help, Shift-Dir - straight line, f/p - yak
Aim: a yak (chance to affect: 38%)
The yak resists with some effort.
Casting: Ensorcelled Hibernation (safe; 14% risk of failure)
Confirm with . or Enter, or press ? or * to list all spells.
Aiming: Ensorcelled Hibernation (safe; 14% risk of failure)
Press: ? - help, Shift-Dir - straight line, f/p - yak
Aim: a yak (chance to affect: 38%)
You miscast Ensorcelled Hibernation.
Nothing appears to happen.
The yak gores you!
You die...

#<.#.)'..#.)'..#
#..'..#.)J..#..+
#..#####'#####'#
#..####..# #.#
#..#__#### ##.#
#..#_____##+#_.+
#⌠⌠#_.∩...'..._#
####_..__##_.#+#
#@Y___###+#
#######


You could see a yak.

Vanquished Creatures
  Sigmund (D)
  An ogre (D)
  Ijyb (D)
3 creatures vanquished.

Notes
Turn   | Place    | Note
-------+----------+-------------------------------------------
     0 | D        | manyhoops the Spriggan Enchanter began the quest for the
                  | Orb.
     0 | D        | Reached XP level 1. HP: 9/9 MP: 5/5
     1 | D        | Noticed Ijyb
    11 | D        | Killed Ijyb
    12 | D        | Reached skill level 10 in Stealth
    12 | D        | Reached XP level 2. HP: 11/13 MP: 6/6
   133 | D        | Noticed an ogre
   136 | D        | Killed an ogre
   137 | D        | Reached skill level 14 in Stealth
   137 | D        | Reached XP level 3. HP: 16/16 MP: 8/8
   137 | D        | Reached XP level 4. HP: 21/21 MP: 9/9
   145 | D        | Noticed Sigmund
   148 | D        | Killed Sigmund
   149 | D        | Reached skill level 17 in Stealth
   149 | D        | Reached XP level 5. HP: 24/24 MP: 10/10
   161 | D        | Found an ornate altar of the Wu Jian Council.
   161 | D        | Found a shimmering blue altar of Sif Muna.
   163 | D        | Found a radiant altar of Vehumet.
   169 | D        | Found Biedgh's Distillery.
   169 | D        | Found an ancient bone altar of Kikubaaqudgha.
   169 | D        | Found a hazy altar of Hepliaklqana.
   169 | D        | Found a stormy altar of Qazlal.
   169 | D        | Found a hide-covered altar of Uskayaw.
   169 | D        | Found a blossoming altar of Fedhas.
   169 | D        | Found a bloodstained altar of Trog.
   169 | D        | Found an iron altar of Okawaru.
   169 | D        | Found a basalt altar of Yredelemnul.
   169 | D        | Found a glowing golden altar of the Shining One.
   169 | D        | Found a snail-covered altar of Cheibriados.
   169 | D        | Found a sacrificial altar of Ru.
   169 | D        | Found a glowing silver altar of Zin.
   169 | D        | Found a shadowy altar of Dithmenos.
   169 | D        | Found a white marble altar of Elyvilon.
   169 | D        | Noticed a yak
   181 | D        | Learned a level 2 spell: Ensorcelled Hibernation
   210 | D        | Found an opulent altar of Gozag.
   211 | D        | Found a sparkling altar of Nemelex Xobeh.
   217 | D        | Became a worshipper of Dithmenos the Shadowed
   221 | D        | Slain by a yak

Illustrated notes

Levels and vault maps discovered:
D:        dungeon_sprint_1 [red_sonja_temple_1, red_sonja_temple_small_1]

Skill      XL: |  1  2  3  4 |
---------------+-------------+-----
Stealth        | 10 14 17 | 17.9
Short Blades   | |  1.1
Dodging        | |  2.6
Spellcasting   | |  2.6
Hexes          | |  3.6

Action                   |  1- 3 |  4- 6 || total
-------------------------+-------+-------++-------
Melee: Dagger            |     8 |     1 ||     9
 Cast: Ensorcelled Hiber |       |     2 ||     2
  Use: Potion            |     1 |       ||     1
 Stab: Sleeping          |     1 |     1 ||     2
Dodge: Dodged            |     4 |     8 ||    12
